Map: [ESL] Cosmic Sapphire

Players

ShoWTimE

  • Race: Protoss Protoss
  • Spawn Location: 5:00

Serral - Winner!

  • Race: Zerg Zerg
  • Spawn Location: 11:00

Event: HomeStory Cup XXII

VOD

Have the link to the VOD?

Description

Time

  • Played on: Dec. 17, 2022, 5:06 p.m.
  • Length: 6:03

All games in this series

Show
View Real Time Build Order
Export as new Build Order

ShoWTimE Protoss 

Build Orders: 1 Gate Expand, Oracle Opening 

Get SALT Encoding   

  12  0:00  Probe  
  13  0:12  Probe  
  14  0:17  Pylon  
  14  0:24  Probe (Chrono Boost)  
  15  0:36  Probe (Chrono Boost)  
  15  0:38  Gateway  
  16  0:45  Probe (Chrono Boost)  
  16  0:46  Assimilator  
  17  0:50  Probe  
  18  1:03  Probe  
  19  1:15  Probe  
  20  1:23  Nexus  
  20  1:32  Cybernetics Core  
  20  1:34  Probe  
  21  1:40  Assimilator  
  21  1:46  Probe  
  22  1:49  Pylon  
  22  1:59  Probe  
  23  2:05  Adept (Chrono Boost)  
  23  2:11  Probe  
  26  2:18  Stargate  
  26  2:23  Probe  
  26  2:26  Adept (Chrono Boost)  
  29  2:35  Warp Gate  
  29  2:36  Probe (Chrono Boost)  
  31  2:42  Probe (Chrono Boost)  
  31  2:45  Probe (Chrono Boost)  
  31  2:48  Adept  
  31  2:49  Probe (Chrono Boost)  
  31  2:50  Probe (Chrono Boost)  
  36  3:00  Probe  
  36  3:01  Pylon  
  36  3:02  Probe  
  36  3:04  Oracle (Chrono Boost)  
  38  3:12  Probe  
  42  3:14  Probe  
  42  3:18  Adept  
  45  3:25  Probe  
  45  3:26  Probe, Pylon  
  47  3:35  Oracle (Chrono Boost)  
  47  3:37  Probe  
  47  3:38  Probe  
  52  3:49  Probe  
  52  3:51  Probe  
  52  3:52  Nexus  
  54  4:01  Probe  
  55  4:03  Probe  
  55  4:04  Assimilator  
  55  4:07  Assimilator  
  56  4:12  Pylon  
  56  4:13  Oracle (Chrono Boost), Probe  
  56  4:15  Probe  
  61  4:19  Pylon  
  61  4:25  Probe  
  61  4:29  Pylon  
  61  4:30  Probe  
  63  4:32  Forge  
  63  4:38  Probe  
  64  4:42  Probe  
  65  4:46  Adept  
  65  4:50  Probe  
  64  4:54  Probe  
  65  5:01  Robotics Facility  
  65  5:02  Probe  
  65  5:04  Probe  
  65  5:05  Pylon  
  65  5:06  Probe  
  68  5:11  Adept  
  71  5:14  Probe  
  71  5:15  Twilight Council  
  71  5:16  Probe  
  71  5:19  Probe  
  71  5:20  Pylon  
  73  5:26  Probe  
  74  5:29  Probe  
  74  5:31  Probe  
  74  5:32  Shield Battery  
  74  5:38  Probe, Stalker  
  74  5:39  Photon Cannon  
  74  5:40  Gateway  
  74  5:41  Probe  
  78  5:43  Probe  
  78  5:50  Probe  
Show
View Real Time Build Order
Export as new Build Order

Serral Zerg - Winner!

Build Orders: Hatch First 

Get SALT Encoding   

  12  0:00  Drone  
  13  0:11  Overlord  
  13  0:17  Drone  
  14  0:30  Drone x2  
  16  0:47  Hatchery  
  15  0:50  Drone  
  15  0:54  Drone  
  17  0:58  Drone  
  18  1:08  Extractor  
  17  1:13  Spawning Pool  
  17  1:16  Drone  
  17  1:20  Drone  
  18  1:27  Drone  
  19  1:39  Drone  
  20  1:48  Overlord  
  20  2:01  Queen x2  
  22  2:02  Zergling x4  
  26  2:10  Drone x2  
  26  2:12  Metabolic Boost  
  28  2:22  Drone x2  
  30  2:32  Drone  
  30  2:36  Drone  
  32  2:40  Hatchery  
  31  2:47  Queen  
  31  2:51  Overlord  
  33  2:56  Drone x2  
  35  3:01  Zergling x2  
  36  3:07  Overlord  
  36  3:12  Queen  
  36  3:13  Drone x2  
  36  3:15  Drone  
  36  3:18  Drone  
  42  3:20  Zergling x2  
  42  3:23  Drone  
  43  3:31  Drone  
  43  3:32  Drone  
  45  3:37  Zergling x2  
  45  3:39  Zergling x2  
  47  3:42  Overlord  
  47  3:43  Zergling x4  
  48  3:58  Zergling x6  
  48  4:00  Lair  
  48  4:01  Queen x2  
  54  4:05  Drone x3  
  57  4:12  Spore Crawler  
  57  4:14  Drone  
  57  4:16  Spore Crawler  
  56  4:22  Drone x3  
  59  4:28  Zergling x8  
  63  4:36  Queen  
  63  4:37  Spore Crawler  
  63  4:40  Drone x3  
  63  4:44  Zergling x6  
  66  4:51  Overlord x2  
  65  4:59  Nydus Network  
  61  5:00  Drone x3  
  61  5:06  Queen  
  66  5:08  Overlord  
  66  5:09  Overlord  
  66  5:10  Zergling x4  
  66  5:15  Zergling x8  
  70  5:22  Zergling x10  
  70  5:26  Zergling x2  
  70  5:27  Zergling x4  
  74  5:36  Zergling x10, Nydus Canal  
  77  5:45  Zergling x8  
  83  5:52  Nydus Canal  
Tags
 
Add a new tag
Caveats
  • Supply blocks, unpowered buildings, or Contaminate may cause inaccurate times.
  • Supply counts are checked every 10 seconds.